 Dungeon Sprint DCSS version 0.25.1-2-g60ff931df9 (webtiles) character file.

Game seed: 11151891045197164037

181522721 MordorOrchid the Tycoon (level 24, 227/227 HPs)
             Began as a Gnoll Wanderer on Oct 26, 2020.
             Was an Initiate of Gozag.
             Escaped with the Orb
             ... and 17 runes!
             The game lasted 02:17:31 (10016 turns).

MordorOrchid the Tycoon (Gnoll Wanderer)           Turns: 10016, Time: 02:17:32

Health: 227/227    AC: 44    Str: 27    XL:     24   Next: 30%
Magic:  34/63      EV: 25    Int: 33    God:    Gozag
Gold:   19826      SH: 21    Dex: 15    Spells: 14/77 levels left

rFire    + . .     SeeInvis +   x - staff of energy
rCold    + + +     Gourm    .   p - +2 shield of Resistance {rF+ rC+ MR+}
rNeg     + . .     Faith    .   Y - +5 plate armour of Tartarus {rC+ rN+ Regen+ MP+9}
rPois    .         Spirit   .   w - +2 helmet {SInv}
rElec    .         Reflect  .   W - +2 cloak {MR+}
rCorr    .         Harm     .   D - +2 pair of gloves {archery}
MR       +++..     NoTele   +   Z - +2 pair of boots
Stlth    ++........             j - amulet of Midwinter {RegenMP Int+2}
HPRegen  0.87/turn              h - ring of Vucwemp {rC+ Str+8 Int+3}
MPRegen  0.63/turn              u - +6 ring of intelligence

@: no status effects
A: distributed training, fangs 1, deterioration 1, strong nose
0: Orb of Zot
}: 17/17 runes: decaying, serpentine, barnacled, slimy, elven, silver, golden,
iron, obsidian, icy, bone, abyssal, glowing, magical, fiery, dark, gossamer
a: Potion Petition, Call Merchant, Bribe Branch, Renounce Religion


You escaped.
You worshipped Gozag.
Gozag was extremely pleased with you.
You were not hungry.

You visited 1 branch You collected 51222 gold pieces.
You spent 11682 gold pieces at shops.
You paid 19714 gold pieces to Gozag.

Inventory:

Hand Weapons
 a - the +7 flail of the Apocalypse {vamp, rElec rN+}
   (You found it in the Dungeon)

   It inflicts no extra harm, but heals its wielder when it wounds a living foe.
   It insulates you from electricity.
   It protects you from negative energy.
 c - the +4 staff of Dispater
   (You took it off Dispater in the Dungeon)
 m - the +7 sceptre of Asmodeus
   (You took it off Asmodeus in the Dungeon)
 y - a +9 rapier of venom
 H - a +5 dagger of chaos
Missiles
 l - a throwing net
 E - 36 javelins
 L - 7 atropa-tipped darts
 P - 13 silver javelins (quivered)
Armour
 p - the +2 shield of Resistance (worn) {rF+ rC+ MR+}
   (You found it in the Dungeon)

   It protects you from fire.
   It protects you from cold.
   It affects your resistance to hostile enchantments.
 w - a +2 helmet of see invisible (worn)
 D - a +2 pair of gloves of archery (worn)
 M - the -2 hat of the Alchemist {rElec rPois rF+ rC+ rN+ MR+ rMut rCorr}
   (You bought it in a shop in the Dungeon)

   It protects you from fire.
   It protects you from cold.
   It insulates you from electricity.
   It protects you from poison.
   It protects you from negative energy.
   It affects your resistance to hostile enchantments.
   It provides partial protection from all sources of acid and corrosion.
   It protects you from mutation.
 Q - the +3 tower shield "Beisix" {*Corrode *Slow rF+++ rN+++}
   (You found it in the Dungeon)

   It renders you almost immune to fire.
   It renders you almost immune to negative energy.
   It may corrode you when you take damage.
   It may slow you when you take damage.
 R - a +0 robe of the Archmagi
 W - a +2 cloak of magic resistance (worn)
 Y - the +5 plate armour of Tartarus (worn) {rC+ rN+ Regen+ MP+9}
   (You found it in the Dungeon)

   It protects you from cold.
   It protects you from negative energy.
   It affects your magic capacity (+9).
   It increases your rate of regeneration.
 Z - a +2 pair of boots (worn)
Magical Staves
 x - an uncursed staff of energy (weapon)
Jewellery
 h - the ring of Vucwemp (left hand) {rC+ Str+8 Int+3}
   (You bought it in a shop in the Dungeon)

   [ring of protection from cold]

   It affects your strength (+8).
   It affects your intelligence (+3).
   It protects you from cold.
 j - the amulet of Midwinter (around neck) {RegenMP Int+2}
   (You found it in the Dungeon)

   [amulet of magic regeneration]

   It increases your magic regeneration.
   It affects your intelligence (+2).
 s - the ring "Vaisch" {Fire rN+}
   (You found it in the Dungeon)

   [ring of fire]

   It enhances your fire magic.
   It protects you from fire.
   It makes you vulnerable to cold.
   It protects you from negative energy.
 u - a +6 ring of intelligence (right hand)
 T - an uncursed ring of poison resistance
 U - the ring of the Saviour {rF+ Str+3}
   (You found it in the Dungeon)

   [ring of strength]

   It affects your strength (+3).
   It protects you from fire.
Wands
 r - a wand of acid (6)
 B - a wand of clouds (12)
Scrolls
 e - a scroll of enchant armour
 k - 5 scrolls of blinking
 n - 4 scrolls of remove curse
 C - 9 scrolls of identify
 F - 3 scrolls of fear
 I - 4 scrolls of fog
 N - a scroll of summoning
 O - a scroll of immolation
Potions
 b - 6 potions of brilliance
 d - 13 potions of curing
 g - 23 potions of heal wounds
 i - 9 potions of magic
 o - a potion of cancellation
 q - a potion of might
 z - 3 potions of stabbing
 J - 9 potions of haste
 V - 2 potions of mutation
Miscellaneous
 t - a box of beasts
 A - a lightning rod (4/4)
 G - the horn of Geryon
Comestibles
 f - 13 rations


   Skills:
 O Level 27 Fighting
 O Level 27 Short Blades
 O Level 27 Long Blades
 O Level 27 Axes
 O Level 27 Maces & Flails
 O Level 27 Polearms
 O Level 27 Staves
 O Level 27 Slings
 O Level 27 Bows
 O Level 27 Crossbows
 O Level 27 Throwing
 O Level 27 Armour
 O Level 27 Dodging
 O Level 27 Stealth
 O Level 27 Shields
 O Level 27 Unarmed Combat
 O Level 27 Spellcasting
 O Level 27 Conjurations
 O Level 27 Hexes
 O Level 27 Charms
 O Level 27 Summonings
 O Level 27 Necromancy
 O Level 27 Translocations
 O Level 27 Transmutations
 O Level 27 Fire Magic
 O Level 27 Ice Magic
 O Level 27 Air Magic
 O Level 27 Earth Magic
 O Level 27 Poison Magic
 O Level 27 Invocations
 O Level 27 Evocations


You had 14 spell levels left.
You knew the following spells:

 Your Spells              Type           Power        Failure   Level  Hunger
f - Lehudib's Crystal Sp  Conj/Erth      ########..   1%          8    None
g - Mephitic Cloud        Conj/Pois/Air  ########     0%          3    None
j - Summon Lightning Spi  Summ/Air       ########     0%          4    None
l - Freezing Cloud        Conj/Ice/Air   ########..   0%          6    None
s - Spellforged Servitor  Conj/Summ      ########..   1%          7    None
x - Blink                 Tloc           N/A          0%          2    None
z - Apportation           Tloc           ######       0%          1    None
A - Confusing Touch       Hex            ########     0%          3    None
E - Borgnjor's Vile Clut  Necr/Erth      ########..   0%          5    None
F - Fire Storm            Conj/Fire      ########..   2%          9    None
L - Absolute Zero         Ice            ########..   2%          9    None
Y - Statue Form           Tmut/Erth      ########.    0%          6    None

Your spell library contained the following spells:

 Spells                   Type           Power        Failure   Level  Hunger
 Magic Dart               Conj           ####         0%          1    None
 Sandblast                Erth           ######       0%          1    None
 Call Imp                 Summ           ########     0%          2    None
 Corpse Rot               Necr/Air       N/A          0%          2    None
 Passwall                 Tmut/Erth      ########     0%          2    None
 Slow                     Hex            ########     0%          2    None
 Swiftness                Chrm/Air       ########     0%          2    None
 Conjure Flame            Conj/Fire      ########     0%          3    None
 Dazzling Flash           Conj/Hex       ######       0%          3    None
 Gell's Gravitas          Tloc           ########..   0%          3    None
 Lesser Beckoning         Tloc           ########..   0%          3    None
 Portal Projectile        Hex/Tloc       ######       0%          3    None
 Recall                   Summ/Tloc      N/A          0%          3    None
 Airstrike                Air            ########..   0%          4    None
 Iskenderun's Mystic Bla  Conj/Tloc      ########     0%          4    None
 Petrify                  Tmut/Erth      ########     0%          4    None
 Bolt of Magma            Conj/Fire/Erth ########..   0%          5    None
 Lee's Rapid Deconstruct  Erth           ########..   0%          5    None
 Metabolic Englaciation   Hex/Ice        ########..   0%          5    None
 Silence                  Hex/Air        ########..   0%          5    None
 Yara's Violent Unravell  Hex/Tmut       ########..   0%          5    None
 Death Channel            Necr           ########..   0%          6    None
 Dispersal                Tloc           ########..   0%          6    None
 Chain Lightning          Conj/Air       ########..   1%          8    None
 Controlled Blink         Tloc           N/A          1%          8    None
 Disjunction              Tloc           ########..   1%          8    None


Dungeon Overview and Level Annotations

Branches:
Dungeon (1/1)

Altars:
Cheibriados
Dithmenos
Elyvilon
Fedhas
Gozag
Hepliaklqana
Kikubaaqudgha
Makhleb
Nemelex Xobeh
Okawaru
Qazlal
Ru
Sif Muna
Trog
Uskayaw
Vehumet
Wu Jian
Xom
Yredelemnul
Zin
The Shining One
Beogh
Jiyva
Lugonu

Shops:
D *:*****::=**}[(*


Innate Abilities, Weirdness & Mutations

Your experience applies equally to all skills.
You have very sharp teeth.
Your uncanny sense of smell can sniff out nearby items.
Your body sometimes deteriorates upon taking damage.


Message History

There is an ancient bone altar of Kikubaaqudgha here.
There is a hazy altar of Hepliaklqana here.
There is an opulent altar of Gozag here.
There is a blossoming altar of Fedhas here.
There is a white marble altar of Elyvilon here.
There is a shadowy altar of Dithmenos here.
There is a snail-covered altar of Cheibriados here.
There is a roughly hewn altar of Beogh here.
There is an open door to the Temple here.
You close the door.
Casting: Lehudib's Crystal Spear (mildly dangerous; 1% risk of failure)
Confirm with . or Enter, or press ? or * to list all spells.
You blink.
There is an open door here.
You close the door.
Casting: Blink (safe; 0% risk of failure)
Confirm with . or Enter, or press ? or * to list all spells.
You blink.
There is a staircase leading out of the dungeon here.
You have escaped!

▓▓▓▓▓▓▓▓▓▓▓▓▓▓▓▓▓▓
▓@...))....+.....+
▓▓▓▓▓▓▓▓▓▓▓▓▓▓▓▓▓▓
▓.................
▓.▓▓▓▓▓▓▓▓▓▓▓▓▓▓▓▓
▓.......+.........
▓▓▓▓▓▓▓▓▓▓▓▓▓▓▓▓▓▓
▓.)..[[...........
▓.▓▓▓▓▓▓▓▓▓▓▓▓▓▓▓▓
▓............∩+[[)


There were no monsters in sight!

Vanquished Creatures
  Cerebov (D)
  Antaeus (D)
  Asmodeus (D)
  Gloorx Vloq (D)
  Ereshkigal (D)
  the Royal Jelly (D)
  Lom Lobon (D)
  Mnoleg (D)
  Dispater (D)
  5 ancient liches (D)
  4 orbs of fire (D)
  Mennas (D)
  Mara (D)
  3 pandemonium lords (D)
  8 greater mummies (D)
  Margery (D)
  2 curse toes (D)
  Xtahua (D)
  3 golden dragons (D)
  Geryon (D)
  A Tzitzimitl (D)
  A bone dragon (D)
  A Brimstone Fiend (D)
  3 electric golems (D)
  2 tentacled monstrosities (D)
  6 liches (D)
  30 Orb Guardians (D)
  A quicksilver dragon (D)
  2 deep elf master archers (D)
  8 acid blobs (D)
  3 deep elf blademasters (D)
  Frances (D)
  14 sphinxes (D)
  A tentacled starspawn (D)
  4 death cobs (D)
  2 draconian monks (D)
  Donald (D)
  3 nagarajas (D)
  A tengu reaver (D)
  Ilsuiw (D)
  8 storm dragons (D)
  7 shadow dragons (D)
  8 azure jellies (D)
  A vault warden (D)
  2 fire giants (D)
  2 deep elf sorcerers (D)
  A frost giant (D)
  A ghost moth (D)
  A draconian scorcher (D)
  2 balrugs (D)
  A draconian stormcaller (D)
  4 ironheart preservers (D)
  2 draconian annihilators (D)
  6 emperor scorpions (D)
  2 very ugly things (D)
  A draconian shifter (D)
  2 reapers (D)
  3 blood saints (D)
  10 vampire knights (D)
  5 stone giants (D)
  2 green draconians (D)
  Azrael (D)
  A black sun (D)
  3 deep elf demonologists (D)
  A black draconian (D)
  4 purple draconians (D)
  Nessos (D)
  3 white draconians (D)
  2 red draconians (D)
  A spark wasp (D)
  4 yellow draconians (D)
  3 blizzard demons (D)
  4 ettins (D)
  A fire dragon (D)
  A crystal guardian (D)
  4 merfolk javelineers (D)
  Josephine (D)
  5 mummy priests (D)
  5 death oozes (D)
  2 deep elf death magi (D)
  3 green deaths (D)
  3 merfolk impalers (D)
  3 great orbs of eyes (D)
  A deep elf high priest (D)
  4 yaktaur captains (D)
  Erolcha (D)
  7 hydras (D)
  2 monstrous demonspawn (D)
  2 ice dragons (D)
  25 vault guards (D)
  6 naga warriors (D)
  A spriggan air mage (D)
  Erica (D)
  2 merfolk avatars (D)
  2 merfolk aquamancers (D)
  A two-headed ogre (shapeshifter) (D)
  A death knight (D)
  2 centaur warriors (D)
  2 two-headed ogres (D)
  2 tengu warriors (D)
  4 ogre magi (D)
  A naga sharpshooter (D)
  A soul eater (D)
  2 thrashing horrors (D)
  3 orc high priests (D)
  4 sun demons (D)
  2 deep troll earth magi (D)
  A shock serpent (D)
  13 spriggans (D)
  3 hell knights (D)
  2 skeletal warriors (D)
  A sixfirhy (D)
  2 sea snakes (D)
  A spriggan druid (D)
  A shadow demon (D)
  A naga ritualist (D)
  2 flayed ghosts (D)
  A deep troll (D)
  3 lindwurms (D)
  A sea snake (shapeshifter) (D)
  6 swamp dragons (D)
  2 ironbrand convokers (D)
  4 necromancers (D)
  9 orc knights (D)
  A harpy (D)
  3 orb spiders (D)
  2 deep elf magi (D)
  An orc sorcerer (D)
  A wolf spider (D)
  2 ugly things (D)
  A salamander (D)
  12 moths of wrath (D)
  A manticore (D)
  4 black mambas (D)
  A rust devil (D)
  2 merfolk sirens (D)
  2 guardian serpents (shapeshifter) (D)
  2 vault sentinels (D)
  An orange demon (D)
  Psyche (D)
  3 guardian serpents (D)
  A naga mage (D)
  A spiny frog (D)
  2 hellions (D)
  An efreet (D)
  3 freezing wraiths (D)
  A tormentor (D)
  3 komodo dragons (D)
  2 yaktaurs (D)
  An ice devil (D)
  A hellwing (D)
  4 red devils (D)
  15 guardian mummies (D)
  3 jumping spiders (D)
  3 merfolk (D)
  A wandering mushroom (D)
  A queen bee (shapeshifter) (D)
  A tyrant leech (D)
  A raiju (D)
  3 hornets (D)
  2 large abominations (D)
  2 blink frogs (D)
  A water elemental (D)
  A wyvern (D)
  3 yaks (D)
  4 wraiths (D)
  4 redbacks (D)
  A fire elemental (D)
  2 golden eyes (D)
  A small abomination (D)
  Grum (D)
  2 neqoxecs (D)
  A hungry ghost (D)
  3 nagas (D)
  An insubstantial wisp (D)
  2 water moccasins (D)
  3 hell hounds (D)
  An acid dragon (D)
  A porcupine (D)
  A floating eye (D)
  An ice beast (D)
  11 orc warriors (D)
  A phantom (D)
  A swamp drake (D)
  3 wolves (D)
  A centaur (D)
  3 crocodiles (D)
  A big kobold (D)
  3 bullfrogs (D)
  A crimson imp (D)
  A hound (D)
  6 orc priests (D)
  An iron imp (D)
  2 orc wizards (D)
  A worker ant (D)
  A shadow imp (D)
  5 worms (D)
  A leopard gecko (D)
  13 orcs (D)
  A ball python (D)
  A bat skeleton (D)
  A bat zombie (D)
  A goblin (D)
  A hobgoblin (D)
  2 kobolds (D)
  A quokka skeleton (D)
  29 blocks of ice (D)
603 creatures vanquished.

Vanquished Creatures (collateral kills)
  An orb of fire (D)
  A deep elf blademaster (D)
  An orc high priest (D)
  A wolf spider (D)
4 creatures vanquished.

Vanquished Creatures (others)
  A spriggan (D)
  A spriggan druid (D)
  A hornet (D)
  A vampire mosquito (D)
  16 blocks of ice (D)
  3 fire vortices (D)
23 creatures vanquished.

Grand Total: 630 creatures vanquished

Notes
Turn   | Place    | Note
-------+----------+-------------------------------------------
     0 | D        | MordorOrchid the Gnoll Wanderer began the quest for the
                  | Orb.
     0 | D        | MordorOrchid set off with the following items: a +2 short
                  | sword, a +0 hand crossbow, 26 bolts, 2 potions of curing, a
                  | +0 robe, a ration, a potion of heal wounds, a potion of
                  | haste, 2 potions of magic, a potion of berserk rage, a
                  | scroll of blinking
     0 | D        | Reached XP level 1. HP: 23/23 MP: 1/1
     8 | D        | Reached skill level 1 in Invocations
     9 | D        | Reached skill level 1 in Long Blades
     9 | D        | Reached skill level 1 in Axes
     9 | D        | Reached skill level 1 in Maces & Flails
     9 | D        | Reached skill level 1 in Polearms
     9 | D        | Reached skill level 1 in Staves
     9 | D        | Reached skill level 1 in Slings
     9 | D        | Reached skill level 1 in Bows
     9 | D        | Reached skill level 1 in Dodging
     9 | D        | Reached skill level 1 in Stealth
     9 | D        | Reached skill level 1 in Shields
     9 | D        | Reached skill level 1 in Unarmed Combat
     9 | D        | Reached skill level 1 in Spellcasting
     9 | D        | Reached skill level 1 in Evocations
    20 | D        | Noticed a worker ant
    20 | D        | Noticed a centaur
    37 | D        | Killed a worker ant
    37 | D        | Reached skill level 1 in Conjurations
    37 | D        | Reached skill level 1 in Hexes
    37 | D        | Reached skill level 1 in Charms
    37 | D        | Reached skill level 1 in Summonings
    37 | D        | Reached skill level 1 in Necromancy
    37 | D        | Reached skill level 1 in Translocations
    37 | D        | Reached skill level 1 in Transmutations
    37 | D        | Reached skill level 1 in Fire Magic
    37 | D        | Reached skill level 1 in Ice Magic
    37 | D        | Reached skill level 1 in Air Magic
    37 | D        | Reached skill level 1 in Earth Magic
    37 | D        | Reached skill level 1 in Poison Magic
    37 | D        | Reached XP level 2. HP: 26/29 MP: 2/4
    37 | D        | Reached XP level 3. HP: 32/35 MP: 2/5
    40 | D        | Killed a centaur
    40 | D        | Reached skill level 5 in Short Blades
    40 | D        | Reached skill level 5 in Crossbows
    40 | D        | Reached skill level 5 in Throwing
    40 | D        | Reached XP level 4. HP: 26/43 MP: 2/8
    43 | D        | Reached XP level 5. HP: 30/48 MP: 2/9
    71 | D        | Found a roughly hewn altar of Beogh.
    71 | D        | Found a snail-covered altar of Cheibriados.
    71 | D        | Found a shadowy altar of Dithmenos.
    71 | D        | Found a white marble altar of Elyvilon.
    71 | D        | Found a blossoming altar of Fedhas.
    71 | D        | Found an opulent altar of Gozag.
    72 | D        | Found a hazy altar of Hepliaklqana.
    73 | D        | Found a viscous altar of Jiyva.
    74 | D        | Found an ancient bone altar of Kikubaaqudgha.
    75 | D        | Found a corrupted altar of Lugonu.
    76 | D        | Found a burning altar of Makhleb.
    77 | D        | Found a sparkling altar of Nemelex Xobeh.
    78 | D        | Found an iron altar of Okawaru.
    79 | D        | Became a worshipper of Gozag Ym Sagoz the Greedy
    80 | D        | Found a stormy altar of Qazlal.
    81 | D        | Found a sacrificial altar of Ru.
    82 | D        | Found a shimmering blue altar of Sif Muna.
    83 | D        | Found a bloodstained altar of Trog.
    84 | D        | Found a hide-covered altar of Uskayaw.
    85 | D        | Found a radiant altar of Vehumet.
    86 | D        | Found an ornate altar of the Wu Jian Council.
    87 | D        | Found a shimmering altar of Xom.
    88 | D        | Found a basalt altar of Yredelemnul.
    89 | D        | Found a glowing silver altar of Zin.
    90 | D        | Found a glowing golden altar of the Shining One.
   164 | D        | Noticed a two-headed ogre
   164 | D        | Noticed a water moccasin
   164 | D        | Noticed an ice beast
   164 | D        | Noticed a two-headed ogre
   170 | D        | Killed a two-headed ogre
   170 | D        | Reached skill level 5 in Long Blades
   170 | D        | Reached skill level 5 in Axes
   170 | D        | Reached skill level 5 in Maces & Flails
   170 | D        | Reached skill level 5 in Polearms
   170 | D        | Reached skill level 5 in Staves
   170 | D        | Reached skill level 5 in Slings
   170 | D        | Reached skill level 5 in Bows
   170 | D        | Reached skill level 5 in Dodging
   170 | D        | Reached skill level 5 in Stealth
   170 | D        | Reached skill level 5 in Shields
   170 | D        | Reached skill level 5 in Unarmed Combat
   170 | D        | Reached skill level 5 in Spellcasting
   170 | D        | Reached skill level 5 in Evocations
   170 | D        | Reached XP level 6. HP: 57/57 MP: 9/14
   170 | D        | Reached XP level 7. HP: 63/63 MP: 9/15
   182 | D        | Reached XP level 8. HP: 66/71 MP: 10/17
   188 | D        | Reached skill level 5 in Conjurations
   188 | D        | Reached skill level 5 in Hexes
   188 | D        | Reached skill level 5 in Charms
   188 | D        | Reached skill level 5 in Summonings
   188 | D        | Reached skill level 5 in Necromancy
   188 | D        | Reached skill level 5 in Translocations
   188 | D        | Reached skill level 5 in Transmutations
   188 | D        | Reached skill level 5 in Fire Magic
   188 | D        | Reached skill level 5 in Ice Magic
   188 | D        | Reached skill level 5 in Air Magic
   188 | D        | Reached skill level 5 in Earth Magic
   188 | D        | Reached skill level 5 in Poison Magic
   195 | D        | Killed a two-headed ogre
   209 | D        | Noticed a skeletal warrior
   209 | D        | Noticed a deep elf mage
   227 | D        | Killed a skeletal warrior
   227 | D        | Reached XP level 9. HP: 35/78 MP: 16/20
   234 | D        | Killed a deep elf mage
   234 | D        | Reached skill level 10 in Fighting
   453 | D        | Noticed a black mamba
   453 | D        | Noticed a black mamba
   453 | D        | Noticed a komodo dragon
   454 | D        | Noticed a komodo dragon
   457 | D        | Killed a black mamba
   457 | D        | Killed a black mamba
   457 | D        | Reached XP level 10. HP: 66/86 MP: 20/22
   572 | D        | Noticed a spiny frog
   574 | D        | Reached skill level 10 in Short Blades
   574 | D        | Reached skill level 10 in Crossbows
   574 | D        | Reached skill level 10 in Throwing
   575 | D        | Noticed a four-headed hydra
   580 | D        | Killed a spiny frog
   581 | D        | Reached skill level 10 in Invocations
   582 | D        | Killed a four-headed hydra
   597 | D        | Noticed a lindwurm
   597 | D        | Noticed a lindwurm
   600 | D        | Noticed a lindwurm
   601 | D        | Killed a lindwurm
   601 | D        | Reached XP level 11. HP: 93/93 MP: 24/24
   609 | D        | Killed a lindwurm
   609 | D        | Reached skill level 10 in Armour
   611 | D        | Killed a lindwurm
   661 | D        | Noticed Grum
   666 | D        | Killed Grum
   704 | D        | Noticed Psyche
   723 | D        | Killed Psyche
   928 | D        | Noticed Erolcha
   931 | D        | Bought a potion of degeneration for 16 gold pieces
   931 | D        | Bought a potion of haste for 160 gold pieces
   939 | D        | Killed Erolcha
   939 | D        | Reached skill level 10 in Long Blades
   939 | D        | Reached skill level 10 in Axes
   939 | D        | Reached skill level 10 in Maces & Flails
   939 | D        | Reached skill level 10 in Polearms
   939 | D        | Reached skill level 10 in Staves
   939 | D        | Reached skill level 10 in Slings
   939 | D        | Reached skill level 10 in Bows
   939 | D        | Reached skill level 10 in Dodging
   939 | D        | Reached skill level 10 in Stealth
   939 | D        | Reached skill level 10 in Shields
   939 | D        | Reached skill level 10 in Unarmed Combat
   939 | D        | Reached skill level 10 in Spellcasting
   939 | D        | Reached skill level 10 in Evocations
  1019 | D        | Bought a ration for 50 gold pieces
  1019 | D        | Bought a ration for 50 gold pieces
  1019 | D        | Bought a ration for 50 gold pieces
  1019 | D        | Bought a ration for 50 gold pieces
  1019 | D        | Bought a ration for 50 gold pieces
  1019 | D        | Bought a ration for 50 gold pieces
  1019 | D        | Bought a ration for 50 gold pieces
  1019 | D        | Bought a ration for 50 gold pieces
  1019 | D        | Bought a ration for 50 gold pieces
  1019 | D        | Bought a ration for 50 gold pieces
  1019 | D        | Bought a ration for 50 gold pieces
  1019 | D        | Bought a ration for 50 gold pieces
  1019 | D        | Bought a ration for 50 gold pieces
  1019 | D        | Noticed an orc knight
  1025 | D        | Killed an orc knight
  1160 | D        | Noticed an orc knight
  1166 | D        | Killed an orc knight
  1177 | D        | Noticed an orc knight
  1190 | D        | Killed an orc knight
  1256 | D        | Bought 5 atropa-tipped darts for 42 gold pieces
  1256 | D        | Bought the -2 hat of the Alchemist {rElec rPois rF+ rC+ rN+
                  | MR+ rMut rCorr} for 660 gold pieces
  1256 | D        | Found the -2 hat of the Alchemist {rElec rPois rF+ rC+ rN+
                  | MR+ rMut rCorr}
  1256 | D        | Bought a scroll of identify for 28 gold pieces
  1256 | D        | Bought a scroll of identify for 28 gold pieces
  1256 | D        | Bought a scroll of summoning for 133 gold pieces
  1256 | D        | Bought a scroll of acquirement for 728 gold pieces
  1256 | D        | Acquired the Volume of Spatial Flight
  1263 | D        | Learned a level 4 spell: Summon Lightning Spire
  1266 | D        | Learned a level 2 spell: Corpse Rot
  1272 | D        | Learned a level 5 spell: Silence
  1273 | D        | Found Karrent's Gadget Emporium.
  1273 | D        | Noticed an orc high priest
  1273 | D        | Noticed an orc sorcerer
  1273 | D        | Noticed an orc high priest
  1273 | D        | Noticed an orc high priest
  1274 | D        | Noticed a sun demon
  1277 | D        | Killed an orc high priest
  1278 | D        | Killed an orc high priest
  1279 | D        | Killed an orc sorcerer
  1279 | D        | Reached XP level 12. HP: 29/103 MP: 26/26
  1280 | D        | Killed an orc high priest
  1539 | D        | Found Xiosmyonli's Armour Shoppe.
  1543 | D        | Found Eblonwak's Weapon Emporium.
  1547 | D        | Found Ifeqiw's Assorted Antiques.
  1561 | D        | Noticed an orc high priest
  1573 | D        | Noticed a soul eater
  1577 | D        | Killed an orc high priest
  1587 | D        | Bought a scroll labeled SUHOTI OCOOWK for 21 gold pieces
  1587 | D        | Bought an embroidered cloak for 157 gold pieces
  1587 | D        | Bought a potion of heal wounds for 105 gold pieces
  1587 | D        | Bought a scroll of identify for 42 gold pieces
  1587 | D        | Bought a scroll of identify for 42 gold pieces
  1587 | D        | Bought a scroll of identify for 42 gold pieces
  1620 | D        | Bought a wand of clouds (7) for 363 gold pieces
  1648 | D        | Noticed Erica
  1661 | D        | Killed Erica
  1724 | D        | Noticed Josephine
  1731 | D        | Killed Josephine
  1767 | D        | Got the +7 flail of the Apocalypse {vamp, rElec rN+}
  1783 | D        | Got the +5 plate armour of Tartarus {rC+ rN+ Regen+ MP+9}
  1885 | D        | Noticed a deep troll earth mage
  1934 | D        | Killed a deep troll earth mage
  2071 | D        | Reached skill level 10 in Conjurations
  2071 | D        | Reached skill level 10 in Hexes
  2071 | D        | Reached skill level 10 in Charms
  2071 | D        | Reached skill level 10 in Summonings
  2071 | D        | Reached skill level 10 in Necromancy
  2071 | D        | Reached skill level 10 in Translocations
  2071 | D        | Reached skill level 10 in Transmutations
  2071 | D        | Reached skill level 10 in Fire Magic
  2071 | D        | Reached skill level 10 in Ice Magic
  2071 | D        | Reached skill level 10 in Air Magic
  2071 | D        | Reached skill level 10 in Earth Magic
  2071 | D        | Reached skill level 10 in Poison Magic
  2071 | D        | Noticed a sphinx
  2101 | D        | Paralysed by a sphinx for 7 turns
  2123 | D        | Killed a sphinx
  2263 | D        | Noticed a centaur warrior
  2268 | D        | Killed a centaur warrior
  2293 | D        | Noticed a fire giant
  2331 | D        | Killed a fire giant
  2331 | D        | Reached XP level 13. HP: 77/111 MP: 22/29
  2445 | D        | Noticed Nessos
  2449 | D        | Killed Nessos
  2525 | D        | Noticed an emperor scorpion
  2558 | D        | Killed an emperor scorpion
  2719 | D        | Noticed a merfolk impaler
  2749 | D        | Killed a merfolk impaler
  3209 | D        | Noticed Frances
  3223 | D        | Killed Frances
  3322 | D        | Bought a ration for 90 gold pieces
  3322 | D        | Bought 3 atropa-tipped darts for 32 gold pieces
  3324 | D        | Bought a scroll of identify for 30 gold pieces
  3324 | D        | Bought a scroll of magic mapping for 52 gold pieces
  3327 | D        | Bought a ration for 80 gold pieces
  3327 | D        | Bought a ration for 80 gold pieces
  3327 | D        | Bought a scroll of fog for 32 gold pieces
  3327 | D        | Bought a scroll of fear for 56 gold pieces
  3349 | D        | Noticed a vampire knight
  3349 | D        | Noticed a brown very ugly thing
  3349 | D        | Noticed an ettin
  3349 | D        | Noticed a stone giant
  3353 | D        | Reached XP level 14. HP: 97/121 MP: 26/31
  3354 | D        | Killed a vampire knight
  3355 | D        | Killed a brown very ugly thing
  3356 | D        | Killed a stone giant
  3356 | D        | Reached skill level 15 in Fighting
  3373 | D        | Reached skill level 15 in Invocations
  3490 | D        | Noticed a stone giant
  3501 | D        | Killed a stone giant
  3539 | D        | Noticed a red very ugly thing
  3549 | D        | Killed a red very ugly thing
  3597 | D        | Reached skill level 15 in Short Blades
  3597 | D        | Reached skill level 15 in Crossbows
  3597 | D        | Reached skill level 15 in Throwing
  3633 | D        | Noticed a vault warden
  3634 | D        | Noticed an ironheart preserver
  3651 | D        | Killed a vault warden
  3651 | D        | Reached skill level 15 in Armour
  3651 | D        | Killed an ironheart preserver
  3762 | D        | Noticed a stone giant
  3765 | D        | Noticed an ironheart preserver
  3767 | D        | Noticed an ironheart preserver
  3775 | D        | Killed a stone giant
  3775 | D        | Reached skill level 15 in Long Blades
  3775 | D        | Reached skill level 15 in Axes
  3775 | D        | Reached skill level 15 in Maces & Flails
  3775 | D        | Reached skill level 15 in Polearms
  3775 | D        | Reached skill level 15 in Staves
  3775 | D        | Reached skill level 15 in Slings
  3775 | D        | Reached skill level 15 in Bows
  3775 | D        | Reached skill level 15 in Dodging
  3775 | D        | Reached skill level 15 in Stealth
  3775 | D        | Reached skill level 15 in Shields
  3775 | D        | Reached skill level 15 in Unarmed Combat
  3775 | D        | Reached skill level 15 in Spellcasting
  3775 | D        | Reached skill level 15 in Evocations
  3775 | D        | Reached XP level 15. HP: 131/131 MP: 32/34
  3872 | D        | Noticed Mennas
  3875 | D        | Bought the Incunabulum of Assistive Conjuration for 644
                  | gold pieces
  3875 | D        | Bought the Compendium of the Mountains for 798 gold pieces
  3882 | D        | Learned a level 6 spell: Statue Form
  3889 | D        | Learned a level 6 spell: Freezing Cloud
  3889 | D        | Bought a book of Minor Magic for 280 gold pieces
  3889 | D        | Bought a book of Misfortune for 280 gold pieces
  3893 | D        | Learned a level 3 spell: Confusing Touch
  3897 | D        | Learned a level 3 spell: Mephitic Cloud
  3941 | D        | Killed Mennas
  4266 | D        | Got the +1 robe of Alla {rElec rF+ MR+}
  4349 | D        | Noticed Xtahua
  4363 | D        | Killed Xtahua
  4438 | D        | Noticed an emperor scorpion
  4438 | D        | Noticed an emperor scorpion
  4438 | D        | Noticed an emperor scorpion
  4438 | D        | Noticed an emperor scorpion
  4444 | D        | Killed an emperor scorpion
  4444 | D        | Killed an emperor scorpion
  4444 | D        | Killed an emperor scorpion
  4444 | D        | Noticed an emperor scorpion
  4449 | D        | Killed an emperor scorpion
  4461 | D        | Killed an emperor scorpion
  4473 | D        | Noticed a ghost moth
  4481 | D        | Killed a ghost moth
  4493 | D        | Got a gossamer rune of Zot
  4609 | D        | Noticed a nagaraja
  4609 | D        | Noticed a nagaraja
  4614 | D        | Killed a nagaraja
  4614 | D        | Killed a nagaraja
  4617 | D        | Noticed a nagaraja
  4624 | D        | Killed a nagaraja
  4671 | D        | Reached XP level 16. HP: 77/141 MP: 21/36
  4700 | D        | Got a serpentine rune of Zot
  4770 | D        | Noticed Ilsuiw
  4799 | D        | Killed Ilsuiw
  4844 | D        | Got a barnacled rune of Zot
  4898 | D        | Reached skill level 15 in Conjurations
  4898 | D        | Reached skill level 15 in Hexes
  4898 | D        | Reached skill level 15 in Charms
  4898 | D        | Reached skill level 15 in Summonings
  4898 | D        | Reached skill level 15 in Necromancy
  4898 | D        | Reached skill level 15 in Translocations
  4898 | D        | Reached skill level 15 in Transmutations
  4898 | D        | Reached skill level 15 in Fire Magic
  4898 | D        | Reached skill level 15 in Ice Magic
  4898 | D        | Reached skill level 15 in Air Magic
  4898 | D        | Reached skill level 15 in Earth Magic
  4898 | D        | Reached skill level 15 in Poison Magic
  4912 | D        | Got a decaying rune of Zot
  4939 | D        | Noticed Mara
  4948 | D        | Killed Mara
  4988 | D        | Noticed Donald
  4997 | D        | Killed Donald
  5009 | D        | Noticed Margery
  5024 | D        | Killed Margery
  5204 | D        | Bought a book of Annihilations for 1545 gold pieces
  5204 | D        | Bought a book of the Warp for 1260 gold pieces
  5250 | D        | Reached XP level 17. HP: 153/153 MP: 34/39
  5394 | D        | Noticed a golden dragon
  5396 | D        | Noticed a lich
  5401 | D        | Noticed an Ice Fiend
  5401 | D        | Killed a lich
  5403 | D        | Killed a golden dragon
  5562 | D        | Noticed a sphinx
  5562 | D        | Noticed an ancient lich
  5562 | D        | Noticed a tentacled monstrosity
  5562 | D        | Noticed a quicksilver dragon
  5563 | D        | Found the +2 shield of Resistance {rF+ rC+ MR+}
  5567 | D        | Killed a sphinx
  5568 | D        | Killed a quicksilver dragon
  5569 | D        | Killed a tentacled monstrosity
  5575 | D        | Killed an ancient lich
  5597 | D        | Noticed a lich
  5638 | D        | Killed a lich
  5638 | D        | Reached XP level 18. HP: 143/164 MP: 40/42
  5653 | D        | Got a silver rune of Zot
  5660 | D        | Identified the +3 executioner's axe "Moaxasen" {flame,
                  | rPois MP+9 Str-2} (You found it in the Dungeon)
  5755 | D        | Noticed Azrael
  5813 | D        | Killed Azrael
  5877 | D        | Got the ring of the Saviour {rF+ Str+3}
  5895 | D        | Got the ring of Gomuwi {rC+ rN+ MR- Str+5}
  5897 | D        | Got the amulet of Midwinter {RegenMP Int+2}
  5899 | D        | Got the amulet "Peqis" {Reflect rElec rF- rC- SH+5 SInv}
  5902 | D        | Got the ring "Vaisch" {Fire rN+}
  5920 | D        | Got the +3 tower shield "Beisix" {*Corrode *Slow rF+++
                  | rN+++}
  5927 | D        | Got the +2 swamp dragon scales of Pathos {rPois MR+}
  6018 | D        | Learned a level 8 spell: Controlled Blink
  6089 | D        | Bought a shiny golden ring for 130 gold pieces
  6089 | D        | Bought a pair of embroidered gloves for 195 gold pieces
  6089 | D        | Bought a potion of haste for 260 gold pieces
  6089 | D        | Bought a potion of haste for 260 gold pieces
  6109 | D        | Bought a scroll of amnesia for 91 gold pieces
  6120 | D        | Learned a level 9 spell: Absolute Zero
  6130 | D        | Learned a level 9 spell: Fire Storm
  6187 | D        | Noticed a bone dragon
  6187 | D        | Noticed a golden dragon
  6195 | D        | Killed a bone dragon
  6201 | D        | Killed a golden dragon
  6333 | D        | Noticed a golden dragon
  6341 | D        | Killed a golden dragon
  6393 | D        | Reached XP level 19. HP: 176/176 MP: 44/44
  6413 | D        | Noticed a curse toe
  6424 | D        | Killed a curse toe
  6574 | D        | Learned a level 2 spell: Blink
  6625 | D        | Noticed a curse toe
  6636 | D        | Killed a curse toe
  6705 | D        | Bought the Disquisition on Evil Arts and Lightness for 1023
                  | gold pieces
  6711 | D        | Learned a level 5 spell: Borgnjor's Vile Clutch
  6720 | D        | Learned a level 7 spell: Spellforged Servitor
  6722 | D        | Noticed an ancient lich
  6724 | D        | Killed an ancient lich
  6727 | D        | Noticed an orb of fire
  6800 | D        | Killed an orb of fire
  6864 | D        | Noticed an electric golem
  6866 | D        | Killed an electric golem
  6871 | D        | Bought a potion of cancellation for 168 gold pieces
  6871 | D        | Bought a potion of might for 84 gold pieces
  6875 | D        | Noticed an orb of fire
  6875 | D        | Noticed a tentacled monstrosity
  6875 | D        | Noticed an ancient lich
  6875 | D        | Noticed an ancient lich
  6892 | D        | Noticed an orb of fire
  6894 | D        | Killed an ancient lich
  6895 | D        | Reached XP level 20. HP: 182/188 MP: 47/47
  6895 | D        | Noticed an orb of fire
  6897 | D        | Killed an orb of fire
  6897 | D        | Killed an orb of fire
  6898 | D        | Killed an ancient lich
  6900 | D        | Killed an orb of fire
  6903 | D        | Learned a level 1 spell: Apportation
  6939 | D        | Noticed an ancient lich
  6942 | D        | Noticed an orb of fire
  6944 | D        | Killed an ancient lich
  6945 | D        | Noticed an electric golem
  6946 | D        | Killed an orb of fire
  6955 | D        | Killed an electric golem
  6962 | D        | Noticed an electric golem
  6965 | D        | Killed an electric golem
  7021 | D        | Reached XP level 21. HP: 200/200 MP: 50/50
  7025 | D        | Reached skill level 27 in Invocations
  7275 | D        | Got an elven rune of Zot
  7312 | D        | Noticed the Royal Jelly
  7316 | D        | Killed the Royal Jelly
  7323 | D        | Reached skill level 27 in Fighting
  7349 | D        | Reached skill level 27 in Short Blades
  7349 | D        | Reached skill level 27 in Crossbows
  7349 | D        | Reached skill level 27 in Throwing
  7351 | D        | Got a slimy rune of Zot
  7451 | D        | Reached skill level 27 in Armour
  7451 | D        | Reached XP level 22. HP: 212/212 MP: 47/52
  7452 | D        | Reached skill level 27 in Long Blades
  7452 | D        | Reached skill level 27 in Axes
  7452 | D        | Reached skill level 27 in Maces & Flails
  7452 | D        | Reached skill level 27 in Polearms
  7452 | D        | Reached skill level 27 in Staves
  7452 | D        | Reached skill level 27 in Slings
  7452 | D        | Reached skill level 27 in Bows
  7452 | D        | Reached skill level 27 in Dodging
  7452 | D        | Reached skill level 27 in Stealth
  7452 | D        | Reached skill level 27 in Shields
  7452 | D        | Reached skill level 27 in Unarmed Combat
  7452 | D        | Reached skill level 27 in Spellcasting
  7452 | D        | Reached skill level 27 in Evocations
  7636 | D        | Noticed a greater mummy
  7636 | D        | Noticed a greater mummy
  7636 | D        | Noticed a greater mummy
  7636 | D        | Noticed a greater mummy
  7636 | D        | Noticed a greater mummy
  7636 | D        | Noticed a greater mummy
  7637 | D        | Noticed a greater mummy
  7642 | D        | Killed a greater mummy
  7642 | D        | Killed a greater mummy
  7642 | D        | Killed a greater mummy
  7643 | D        | Killed a greater mummy
  7643 | D        | Killed a greater mummy
  7643 | D        | Killed a greater mummy
  7645 | D        | Killed a greater mummy
  7645 | D        | Noticed a greater mummy
  7648 | D        | Killed a greater mummy
  7875 | D        | Got a golden rune of Zot
  7926 | D        | Got an abyssal rune of Zot
  8053 | D        | Noticed Geryon
  8055 | D        | Killed Geryon
  8065 | D        | Noticed Mnoleg
  8065 | D        | Identified the +7 sceptre of Asmodeus
  8065 | D        | Noticed Asmodeus
  8066 | D        | Killed Mnoleg
  8066 | D        | Noticed Antaeus
  8068 | D        | Noticed Gloorx Vloq
  8071 | D        | Killed Asmodeus
  8071 | D        | Reached skill level 27 in Conjurations
  8071 | D        | Reached skill level 27 in Hexes
  8071 | D        | Reached skill level 27 in Charms
  8071 | D        | Reached skill level 27 in Summonings
  8071 | D        | Reached skill level 27 in Necromancy
  8071 | D        | Reached skill level 27 in Translocations
  8071 | D        | Reached skill level 27 in Transmutations
  8071 | D        | Reached skill level 27 in Fire Magic
  8071 | D        | Reached skill level 27 in Ice Magic
  8071 | D        | Reached skill level 27 in Air Magic
  8071 | D        | Reached skill level 27 in Earth Magic
  8071 | D        | Reached skill level 27 in Poison Magic
  8071 | D        | Reached XP level 23. HP: 129/219 MP: 42/54
  8077 | D        | Killed Antaeus
  8078 | D        | Killed Gloorx Vloq
  8095 | D        | Got an obsidian rune of Zot
  8095 | D        | Got a glowing rune of Zot
  8114 | D        | Got an icy rune of Zot
  8115 | D        | Noticed Lom Lobon
  8116 | D        | Identified the +4 staff of Dispater
  8116 | D        | Noticed Dispater
  8117 | D        | Killed Lom Lobon
  8119 | D        | Killed Dispater
  8120 | D        | Got a dark rune of Zot
  8120 | D        | Noticed Ereshkigal
  8121 | D        | Identified the +6 sword of Cerebov {flame}
  8121 | D        | Noticed Cerebov
  8122 | D        | Killed Ereshkigal
  8124 | D        | Killed Cerebov
  8126 | D        | Got a magical rune of Zot
  8131 | D        | Got a bone rune of Zot
  8131 | D        | Got an iron rune of Zot
  8135 | D        | Got a fiery rune of Zot
  8352 | D        | Gained mutation: Your body sometimes deteriorates upon
                  | taking damage. [mutagenic glow]
  8453 | D        | Learned a level 8 spell: Lehudib's Crystal Spear
  8465 | D        | Got the Orb of Zot
  8496 | D        | Bought the ring of Vucwemp {rC+ Str+8 Int+3} for 716 gold
                  | pieces
  9106 | D        | Noticed Pigubihe the pandemonium lord
  9107 | D        | Noticed Igawipsa the pandemonium lord
  9109 | D        | Killed Pigubihe the pandemonium lord
  9110 | D        | Killed Igawipsa the pandemonium lord
  9110 | D        | Reached XP level 24. HP: 215/227 MP: 20/54
  9317 | D        | Bought a scroll of enchant armour for 135 gold pieces
  9317 | D        | Bought a potion of cancellation for 144 gold pieces
  9915 | D        | Noticed Ocamissep the pandemonium lord
  9919 | D        | Killed Ocamissep the pandemonium lord
 10016 | D        | Escaped with the Orb!

Illustrated notes

Levels and vault maps discovered:
D:        linesprint [early_d, line_temple, items_1, d_10, items_2, lair_1,
          lair_end, items_3, orc_1, orc_end, items_4, d_15, swamp_1, shoals_1,
          snake_1, spider_1, d_20, vaults_1, items_5, swamp_end, shoals_end,
          snake_end, spider_end, vaults_end, d_27, items_6, zot_1, zot_end,
          crypt_end, forest_end, elf_end, slime_end, tomb_end, abyss_end,
          pan_hell_end]

Skill      XL: |  1  2  3  4  5  6  7  8  9 10 11 12 13 14 15 16 17 18 19 20 21 22 |
---------------+-------------------------------------------------------------------+-----
Invocations    | 2 3 6 8 9 10 11 13 14 16 17 19 21 23 25 26 27 | 27.0
Long Blades    | 1 2 3 5 6 7 8 9 10 12 13 15 16 18 20 21 23 25 26 27 | 27.0
Axes           | 1 2 3 5 6 7 8 9 10 12 13 15 16 18 20 21 23 25 26 27 | 27.0
Maces & Flails | 1 2 3 5 6 7 8 9 10 12 13 15 16 18 20 21 23 25 26 27 | 27.0
Polearms       | 1 2 3 5 6 7 8 9 10 12 13 15 16 18 20 21 23 25 26 27 | 27.0
Staves         | 1 2 3 5 6 7 8 9 10 12 13 15 16 18 20 21 23 25 26 27 | 27.0
Slings         | 1 2 3 5 6 7 8 9 10 12 13 15 16 18 20 21 23 25 26 27 | 27.0
Bows           | 1 2 3 5 6 7 8 9 10 12 13 15 16 18 20 21 23 25 26 27 | 27.0
Dodging        | 1 2 3 5 6 7 8 9 10 12 13 15 16 18 20 21 23 25 26 27 | 27.0
Stealth        | 1 2 3 5 6 7 8 9 10 12 13 15 16 18 20 21 23 25 26 27 | 27.0
Shields        | 1 2 3 5 6 7 8 9 10 12 13 15 16 18 20 21 23 25 26 27 | 27.0
Unarmed Combat | 1 2 3 5 6 7 8 9 10 12 13 15 16 18 20 21 23 25 26 27 | 27.0
Spellcasting   | 1 2 3 5 6 7 8 9 10 12 13 15 16 18 20 21 23 25 26 27 | 27.0
Evocations     | 1 2 3 5 6 7 8 9 10 12 13 15 16 18 20 21 23 25 26 27 | 27.0
Armour         | 3 4 6 7 8 9 11 12 13 15 16 18 20 21 23 25 27 | 27.0
Conjurations   | 1 2 4 6 8 9 10 11 12 14 15 17 18 20 21 23 27 | 27.0
Hexes          | 1 2 4 6 8 9 10 11 12 14 15 17 18 20 21 23 27 | 27.0
Charms         | 1 2 4 6 8 9 10 11 12 14 15 17 18 20 21 23 27 | 27.0
Summonings     | 1 2 4 6 8 9 10 11 12 14 15 17 18 20 21 23 27 | 27.0
Necromancy     | 1 2 4 6 8 9 10 11 12 14 15 17 18 20 21 23 27 | 27.0
Translocations | 1 2 4 6 8 9 10 11 12 14 15 17 18 20 21 23 27 | 27.0
Transmutations | 1 2 4 6 8 9 10 11 12 14 15 17 18 20 21 23 27 | 27.0
Fire Magic     | 1 2 4 6 8 9 10 11 12 14 15 17 18 20 21 23 27 | 27.0
Ice Magic      | 1 2 4 6 8 9 10 11 12 14 15 17 18 20 21 23 27 | 27.0
Air Magic      | 1 2 4 6 8 9 10 11 12 14 15 17 18 20 21 23 27 | 27.0
Earth Magic    | 1 2 4 6 8 9 10 11 12 14 15 17 18 20 21 23 27 | 27.0
Poison Magic   | 1 2 4 6 8 9 10 11 12 14 15 17 18 20 21 23 27 | 27.0
Fighting       | 7 8 9 10 11 12 13 14 16 17 19 20 22 23 25 27 | 27.0
Short Blades   | 5 7 8 9 10 11 12 14 15 17 18 20 22 23 25 27 | 27.0
Crossbows      | 5 7 8 9 10 11 12 14 15 17 18 20 22 23 25 27 | 27.0
Throwing       | 5 7 8 9 10 11 12 14 15 17 18 20 22 23 25 27 | 27.0

Action                   |  1- 3 |  4- 6 |  7- 9 | 10-12 | 13-15 | 16-18 | 19-21 | 22-24 || total
-------------------------+-------+-------+-------+-------+-------+-------+-------+-------++-------
Melee: Rapier            |       |     5 |    22 |    61 |    44 |       |       |     1 ||   133
       Scimitar          |       |       |    27 |       |     1 |       |       |       ||    28
       Bite              |       |       |     5 |    10 |    15 |     6 |     7 |     7 ||    50
       Punch             |       |       |     2 |     7 |     6 |     8 |       |       ||    23
       Halberd           |       |       |       |     2 |     5 |       |       |       ||     7
       Flail             |       |       |       |       |    73 |    46 |    24 |    16 ||   159
       Dagger            |       |       |       |       |       |    19 |    12 |       ||    31
       Staff             |       |       |       |       |       |       |     1 |    10 ||    11
 Fire: Hand crossbow     |    15 |     4 |       |    48 |       |       |       |       ||    67
       Longbow           |       |       |       |       |   118 |   227 |       |       ||   345
Throw: Dart              |       |       |       |       |     3 |       |       |       ||     3
       Javelin           |       |       |       |       |       |   137 |   163 |    43 ||   343
 Cast: Summon Lightning  |       |       |       |     6 |    35 |     1 |     3 |       ||    45
       Silence           |       |       |       |     5 |     6 |       |       |       ||    11
       Freezing Cloud    |       |       |       |       |     6 |    27 |    14 |       ||    47
       Statue Form       |       |       |       |       |     1 |     7 |     3 |     4 ||    15
       Mephitic Cloud    |       |       |       |       |       |     1 |       |       ||     1
       Confusing Touch   |       |       |       |       |       |     1 |       |       ||     1
       Spellforged Servi |       |       |       |       |       |       |    10 |     5 ||    15
       Apportation       |       |       |       |       |       |       |     3 |    13 ||    16
       Borgnjor's Vile C |       |       |       |       |       |       |    10 |    31 ||    41
       Fire Storm        |       |       |       |       |       |       |       |     8 ||     8
       Blink             |       |       |       |       |       |       |       |    94 ||    94
       Absolute Zero     |       |       |       |       |       |       |       |    45 ||    45
       Controlled Blink  |       |       |       |       |       |       |       |    17 ||    17
       Lehudib's Crystal |       |       |       |       |       |       |       |     3 ||     3
Invok: Call Merchant     |       |       |       |     3 |     4 |     3 |     3 |       ||    13
 Abil: End Transformatio |       |       |       |       |       |     1 |       |       ||     1
Evoke: Lightning rod     |       |       |     2 |    56 |    65 |    12 |    10 |       ||   145
       Wand              |       |       |       |     2 |     3 |       |       |       ||     5
       Staff of energy   |       |       |       |       |     4 |       |       |    24 ||    28
  Use: Potion            |     1 |     1 |     2 |       |       |       |       |     1 ||     5
       Scroll            |       |       |     2 |     4 |     6 |     7 |     1 |     5 ||    25
 Stab: Invisible         |       |     1 |     7 |       |     2 |       |       |       ||    10
       Sleeping          |       |     1 |       |     4 |     2 |       |     2 |     1 ||    10
       Distracted        |       |       |       |       |       |       |     1 |       ||     1
  Eat: Ration            |       |       |       |     3 |     4 |     3 |     2 |     3 ||    15
Armor: Scale mail        |       |     1 |    14 |    23 |    42 |     5 |       |       ||    85
       Skin              |       |       |       |       |    17 |    52 |     1 |       ||    70
       Plate armour      |       |       |       |       |       |    21 |    21 |     4 ||    46
Dodge: Dodged            |     4 |     6 |    31 |    44 |   117 |   124 |    28 |    13 ||   367
Block: Kite shield       |       |       |       |       |       |    30 |    44 |    33 ||   107
       Rpst.: Scimitar   |       |       |     6 |       |     1 |       |       |       ||     7
